 Dungeon Crawl Stone Soup version 0.30-a0-719-gcc4359ea44 (webtiles) character file.

Game seed: 3647904726565381980

1401 DeathSun the Spear-Bearer (level 8, -1/66 HPs)
             Began as a Minotaur Fighter on Jan 26, 2023.
             Slain by an orc
             ... wielding a +0 hand axe
              (5 damage)
             ... on level 5 of the Dungeon.
             The game lasted 00:07:42 (4677 turns).

DeathSun the Spear-Bearer (Minotaur Fighter)        Turns: 4677, Time: 00:07:43

Health: -1/66      AC:  8    Str: 23    XL:     8   Next: 41%
Magic:  7/7        EV:  9    Int:  5    God:
Gold:   215        SH:  4    Dex: 10    Spells: 7/7 levels left

rFire   . . .      SeeInvis .    a - +0 trident
rCold   . . .      Faith    +    c - +0 buckler
rNeg    . . .      Spirit   .    b - +0 scale mail
rPois   .          Reflect  .    (helmet restricted)
rElec   .          Harm     .    (no cloak)
rCorr   .          Rampage  .    p - +0 pair of gloves
Will    .....                    (no boots) Stlth
                                 r - amulet of faith
HPRegen 0.31/turn                (no ring)
MPRegen 0.10/turn                (no ring)

@: no status effects
A: horns 2, retaliatory headbutt
a: no special abilities


You were on level 5 of the Dungeon.
You visited 1 branch of the dungeon, and saw 6 of its levels.

You collected 215 gold pieces.

Inventory:

Hand Weapons
 a - a +0 trident (weapon)
 x - a +0 scythe
Missiles
 g - 8 poisoned darts (quivered)
 w - 4 curare-tipped darts
Armour
 b - a +0 scale mail (worn)
 c - a +0 buckler (worn)
 p - a +0 pair of gloves (worn)
Jewellery
 r - an amulet of faith (around neck)
Wands
 k - a wand of quicksilver (3)
 s - a wand of polymorph (4)
 u - a wand of flame (16)
Scrolls
 f - 5 scrolls of identify {unknown}
 l - a scroll of brand weapon {unknown}
 m - 6 scrolls of teleportation {unknown}
 o - 2 scrolls of enchant armour {unknown}
 v - a scroll of immolation {unknown}
Potions
 d - a potion of might
 e - 2 potions of lignification {unknown}
 h - 2 potions of curing {unknown}
 i - a potion of ambrosia {unknown}
 j - a potion of resistance {unknown}
 n - a potion of haste {unknown}
 q - a potion of heal wounds {unknown}
 t - a potion of flight {unknown}
 z - a potion of mutation {unknown}
 A - a potion of attraction {unknown}
 B - a potion of invisibility {unknown}


   Skills:
 - Level 3.8 Fighting
 * Level 10.1 Polearms
 - Level 6.0 Throwing
 - Level 3.8 Armour
 - Level 3.8 Shields


You had 7 spell levels left.
You didn't know any spells.
Your spell library contained the following spells:

 Spells                   Type           Power      Damage    Failure   Level
 Apportation              Tloc           0%         N/A       86%         1
 Sting                    Tmut/Pois      0%         1d3       86%         1
 Summon Small Mammal      Summ           0%         N/A       86%         1
 Blink                    Tloc           0%         N/A       95%         2
 Ensorcelled Hibernation  Hex/Ice        0%         N/A       95%         2
 Lesser Beckoning         Tloc           0%         N/A       95%         2
 Momentum Strike          Conj/Tloc      0%         3d8       95%         2
 Poisonous Vapours        Pois/Air       0%         N/A       95%         2
 Call Canine Familiar     Summ           0%         N/A       99%         3
 Hailstorm                Conj/Ice       0%         3d3       99%         3
 Spider Form              Tmut/Pois      0%         N/A       99%         3
 Summon Guardian Golem    Hex/Summ       0%         N/A       99%         3
 Anguish                  Hex/Necr       0%         N/A       100%        4
 Ice Form                 Ice/Tmut       0%         N/A       100%        4
 Olgreb's Toxic Radiance  Pois           0%         N/A       100%        4
 Borgnjor's Vile Clutch   Necr/Erth      0%         N/A       100%        5
 Simulacrum               Ice/Necr       0%         N/A       100%        6
 Necromutation            Tmut/Necr      0%         N/A       100%        8


Dungeon Overview and Level Annotations

Branches:
Dungeon (6/15)
 Temple: D:4-7

Altars:
Trog
Vehumet


Innate Abilities, Weirdness & Mutations

You have a pair of horns on your head.
You reflexively headbutt those who attack you in melee.


Message History

The orc closely misses you. The orc hits you but does no damage.
You bump into the rock wall.
Something completely misses you. The black bear bites you.
The black bear claws you. The black bear completely misses you.
The orc barely misses you. The orc hits you with a +0 mace.
You bump into the rock wall.
Something hits you but does no damage. The black bear bites you.
The black bear claws you. The black bear completely misses you.
The orc barely misses you. The orc hits you but does no damage.
You bump into the rock wall.
Something hits you but does no damage. The black bear bites you.
* * * LOW HITPOINT WARNING * * *
The black bear claws you.
* * * LOW HITPOINT WARNING * * *
The black bear claws you.
* * * LOW HITPOINT WARNING * * *
The orc closely misses you. The orc hits you with a +0 mace.
* * * LOW HITPOINT WARNING * * *
You closely miss something. Something hits you.
* * * LOW HITPOINT WARNING * * *
The black bear bites you but does no damage.
The black bear claws you.
* * * LOW HITPOINT WARNING * * *
The black bear claws you but does no damage.
The orc hits you with a +0 hand axe.
* * * LOW HITPOINT WARNING * * *
The orc hits you with a +0 mace.
* * * LOW HITPOINT WARNING * * *
You bump into the rock wall.
You feel less confused. Something hits you but does no damage.
The black bear barely misses you. You furiously retaliate!
You headbutt the black bear!
The black bear claws you but does no damage. x2
The orc barely misses you. x2
You miss something. You block something's attack.
The black bear bites you but does no damage.
The black bear claws you.
* * * LOW HITPOINT WARNING * * *
You block the black bear's attack. The orc hits you with a +0 hand axe.
You die...

....~....##.......#'#.........###
..............................+..
....~.~.......................#..
.##.........##.##.............#..
.####.~#....##.##.............#..
.......#.)..##.####+#####.#####..
###.........##.#..#.# #.#######
............##.#h.#<# #........
.....>.......#.#@o#.### ###......
...............#.o....# #......
.............##.......# #......
##.#.#........#.......#####......
...#.#.#.####'#...#+#[....#......
.....#.#..........#.#.....'......
.....#.#..........#.#.....#......
...#.#.#.##.......#.#.....#.^.#.#
...#.#.#....).......#.....#...#.#


You could see a black bear and 2 orcs.

Vanquished Creatures
  Grinder (D:4)
  Sigmund (D:4)
  Eustachio (D:4)
  Duvessa (D:4)
  A black bear (D:5)
  An ogre (D:5)
  A phantom (D:5)
  A necrophage (D:5)
  Dowan (D:4)
  2 hounds (D:5)
  3 iguanas
  Natasha (twice) (D:2)
  2 orc wizards
  Robin (D:3)
  A gnoll (D:1)
  8 adders
  6 worms
  A dart slug (D:1)
  11 orcs
  4 endoplasms
  2 giant cockroaches
  15 goblins
  10 hobgoblins
  3 jackals (D:2)
  A quokka (D:1)
  3 ball pythons
  5 bats
  A frilled lizard (D:1)
  9 kobolds
  7 rats
106 creatures vanquished.

Notes
Turn   | Place    | Note
-------+----------+-------------------------------------------
     0 | D:1      | DeathSun the Minotaur Fighter began the quest for the Orb.
     0 | D:1      | Reached XP level 1. HP: 19/19 MP: 0/0
   104 | D:1      | Reached XP level 2. HP: 22/27 MP: 1/1
   172 | D:1      | Found a faded altar of an unknown god.
   175 | D:1      | Got Plato's Precepts of Distance
   265 | D:1      | Reached skill level 3 in Polearms
   265 | D:1      | Reached skill level 1 in Throwing
   366 | D:1      | Reached XP level 3. HP: 33/33 MP: 2/2
   623 | D:2      | Identified the +6 dagger of Descent {elec, Fragile Str+3
                  | Int+2 SInv}
   993 | D:2      | Noticed Natasha
   995 | D:2      | Reached XP level 4. HP: 40/40 MP: 3/3
  1001 | D:2      | Killed Natasha
  1002 | D:2      | Reached skill level 4 in Polearms
  1281 | D:2      | Noticed Natasha
  1286 | D:2      | Killed Natasha
  1576 | D:3      | Reached XP level 5. HP: 46/46 MP: 4/4
  1708 | D:3      | Noticed Robin
  1716 | D:3      | Killed Robin
  2008 | D:4      | Reached skill level 5 in Polearms
  2022 | D:4      | Got the Grimoire of the Catacomb and Transformation
  2064 | D:4      | Noticed Duvessa
  2076 | D:4      | Noticed Dowan
  2084 | D:4      | Killed Duvessa
  2085 | D:4      | Reached XP level 6. HP: 25/52 MP: 5/5
  2236 | D:4      | Killed Dowan
  2293 | D:4      | Reached skill level 6 in Polearms
  2634 | D:4      | Found a bloodstained altar of Trog.
  2683 | D:4      | Noticed Grinder
  2696 | D:4      | Killed Grinder
  2697 | D:4      | Reached skill level 5 in Throwing
  2697 | D:4      | Reached XP level 7. HP: 40/58 MP: 6/6
  2779 | D:4      | Noticed Sigmund
  2794 | D:4      | Killed Sigmund
  2795 | D:4      | Reached skill level 7 in Polearms
  2918 | D:4      | Noticed Eustachio
  2973 | D:4      | Killed Eustachio
  3532 | D:5      | Entered Level 5 of the Dungeon
  3586 | D:5      | Reached skill level 8 in Polearms
  3623 | D:5      | Reached XP level 8. HP: 60/66 MP: 7/7
  3892 | D:5      | Reached skill level 9 in Polearms
  4055 | D:5      | Found a radiant altar of Vehumet.
  4185 | D:5      | Reached skill level 10 in Polearms
  4677 | D:5      | Slain by an orc

Illustrated notes

Levels and vault maps discovered:
D:1:      lightli_arrival_statuegarden, layout_rooms,
          shapermc_ecumenical_altar_rom_forum, minmay_stone_trees_large
D:2:      layout_basic, uniq_natasha
D:3:      layout_loops_ring, minmay_unequal, uniq_robin
D:4:      layout_layer_cave, trog_hazing_becter, uniq_sigmund, uniq_duvessa,
          uniq_grinder, uniq_eustachio
D:5:      layout_basic, vehumet_crystals, serial_rivers,
          chequers_serial_rivers_micro_b, chequers_serial_rivers_micro_b,
          chequers_serial_rivers_micro_c, chequers_serial_rivers_marsh
D:6:      layout_loops_corners, grunt_temple_overflow_growth_and_decay,
          general_overflow_altar, minmay_temple_entry_butterflies,
          nicolae_shop_sticking_my_neck_out

Skill      XL: |  1  2  3  4  5  6  7  8 |
---------------+-------------------------+-----
Polearms       | 3 4 5 6 8 10 | 10.1
Throwing       | 1 2 3 5 6 |  6.0
Fighting       | |  3.8
Armour         | |  3.8
Shields        | |  3.8

Action                     |  1- 3 |  4- 6 |  7- 9 || total
---------------------------+-------+-------+-------++-------
  Melee: Trident           |    76 |   124 |   149 ||   349
         Headbutt          |     8 |    19 |    21 ||    48
  Throw: Dart              |       |     7 |     4 ||    11
 Armour: Scale mail        |    27 |    33 |   111 ||   171
  Dodge: Dodged            |    26 |    37 |    90 ||   153
  Block: Buckler           |    10 |     3 |    35 ||    48

Table legend: (Time is in decaauts)
 A = Elapsed time spent in this place.
 B = Non-inter-level travel time spent in this place.
 C = Inter-level travel time spent in this place.
 D = Time resting spent in this place.
 E = Time spent auto-exploring this place.
 F = Levels seen in this place.
 G = Mean time per level.
                   A        B        C        D        E       F      G
               +--------+--------+--------+--------+--------+-----+--------+
         Total |   4694 |   4551 |    143 |      0 |   3706 |   6 |  782.3 |
       Dungeon |   4694 |   4551 |    143 |      0 |   3706 |   6 |  782.3 |
               +--------+--------+--------+--------+--------+-----+--------+

Top non-repeatable levels by time:
     D:4: 1588 daAuts
     D:5: 967 daAuts
     D:2: 825 daAuts
     D:3: 692 daAuts
     D:1: 595 daAuts
     D:6: 24 daAuts
